[Event "Rated Blitz tournament NGXs5waO"]
[Site "?"]
[Date "2021.01.31"]
[Round "?"]
[White "IAmED"]
[Black "jdac23"]
[Result "1/2-1/2"]
[ECO "C46"]
[WhiteElo "2461"]
[BlackElo "2359"]
[PlyCount "163"]
[EventDate "2021.??.??"]
[EventType "blitz"]
[TimeControl "180+2"]

1. e4 e5 2. Nf3 Nc6 3. Nc3 Nf6 4. Nxe5 Nxe5 5. d4 d6 6. dxe5 dxe5 7. Qxd8+ Kxd8
8. Bc4 Be7 9. Bxf7 c6 10. f3 Kc7 11. Bd2 Rf8 12. Bc4 Bd7 13. O-O-O Rad8 14. Be1
Nh5 15. Bg3 Nxg3 16. hxg3 h6 17. Kb1 Bb4 18. Ne2 Bc8 19. g4 Bc5 20. Ng3 Be3 21.
c3 Bf4 22. Nh5 Rxd1+ 23. Rxd1 g5 24. Nxf4 Rxf4 25. Kc2 Rf6 26. b4 Rd6 27. Ra1
Be6 28. Bd3 b6 29. Be2 Bf7 30. a4 a5 31. bxa5 bxa5 32. Rb1 Rd8 33. Ba6 Rb8 34.
Rh1 Bb3+ 35. Kd2 Bxa4 36. Rxh6 Rb2+ 37. Kd3 Rxg2 38. Rg6 Bd1 39. Rg7+ Kb6 40.
Bc8 Bxf3 41. Kc4 Be2+ 42. Kb3 Bxg4 43. Bf5 Bxf5 44. exf5 e4 45. f6 Rf2 46. f7
e3 47. Rxg5 Rxf7 48. Re5 Rf3 49. Ka4 Rh3 50. c4 Rh4 51. Rxe3 Rxc4+ 52. Kb3 Rb4+
53. Ka3 Rh4 54. Kb3 Kb5 55. Ka3 c5 56. Kb3 Rd4 57. Ka3 a4 58. Kb2 Kb4 59. Re2
Rd3 60. Kc2 Rc3+ 61. Kb2 a3+ 62. Ka2 c4 63. Rf2 Rd3 64. Rh2 Rg3 65. Rf2 Rd3 66.
Rh2 Kc3 67. Kxa3 Rd2 68. Rh3+ Rd3 69. Rh2 Rg3 70. Ka2 Re3 71. Rg2 Kd3 72. Kb2
c3+ 73. Kb3 Rf3 74. Rh2 Rg3 75. Rh8 Kd2 76. Rh2+ Kd3 77. Rh8 Rf3 78. Rd8+ Ke2
79. Kc2 Re3 80. Rc8 Kf2 81. Rxc3 Rxc3+ 82. Kxc3 {Normal} 1/2-1/2

[Event "Rated Blitz tournament NGXs5waO"]
[Site "?"]
[Date "2021.01.31"]
[Round "?"]
[White "IAmED"]
[Black "jdac23"]
[Result "0-1"]
[ECO "C46"]
[WhiteElo "2448"]
[BlackElo "2342"]
[PlyCount "92"]
[EventDate "2021.??.??"]
[EventType "blitz"]
[TimeControl "180+2"]

1. e4 e5 2. Nf3 Nc6 3. Nc3 Nf6 4. Nxe5 Nxe5 5. d4 Ng6 6. e5 Ng8 7. Bc4 Bb4 8.
f4 N8e7 9. O-O Bxc3 10. bxc3 d5 11. Bd3 Bf5 12. Ba3 Bxd3 13. Qxd3 Qd7 14. f5
Nf8 15. e6 fxe6 16. fxe6 Nxe6 17. Rae1 O-O-O 18. Rf7 Rde8 19. Qh3 Rhf8 20. Rxe7
Rxe7 21. Bxe7 Qxe7 22. Rxe6 Qd7 23. Qe3 b6 24. Re7 Qf5 25. h3 Qxc2 26. Rxg7 Rd8
27. h4 a5 28. h5 a4 29. Qg3 Qd1+ 30. Kh2 Qxh5+ 31. Qh3+ Qxh3+ 32. Kxh3 Rd7 33.
Rg8+ Kb7 34. g4 Kc6 35. g5 Kb5 36. Rf8 Kc4 37. Rf3 c5 38. dxc5 bxc5 39. Kg4 d4
40. cxd4 cxd4 41. Rf1 d3 42. Rc1+ Kd4 43. Kf3 d2 44. Rh1 Kd3 45. Kf2 Rf7+ 46.
Kg3 Kc2 {Normal} 0-1

[Event "Rated Blitz tournament zLvLgOux"]
[Site "?"]
[Date "2021.01.31"]
[Round "?"]
[White "FallschirmSpringer"]
[Black "ChrolloL"]
[Result "1-0"]
[ECO "C46"]
[WhiteElo "2504"]
[BlackElo "2584"]
[PlyCount "99"]
[EventDate "2021.??.??"]
[EventType "blitz"]
[TimeControl "300"]

1. e4 e5 2. Nf3 Nc6 3. Nc3 Nf6 4. Nxe5 Nxe5 5. d4 Ng6 6. e5 Ng8 7. Bc4 d6 8.
Qf3 Qd7 9. O-O c6 10. exd6 Bxd6 11. Re1+ Kf8 12. Bg5 h6 13. Bd8 Qf5 14. Ne4 Be7
15. Qe2 Be6 16. Bxe7+ N6xe7 17. Bd3 Qd5 18. Nc5 Qxd4 19. Nxe6+ fxe6 20. Qxe6
Qd5 21. Qe3 Qg5 22. Qe6 Qf6 23. Qd7 h5 24. Re6 Qxb2 25. Rae1 Rh6 26. Bc4 Rxe6
27. Qxe6 Qf6 28. Qd7 g6 29. h3 b5 30. Bb3 a5 31. Re6 Qa1+ 32. Kh2 Qg7 33. a4
bxa4 34. Bxa4 Nf5 35. Qxc6 Qa7 36. Rxg6 Nfe7 37. Qf3+ Nf5 38. Qxf5+ Qf7 39.
Rxg8+ Kxg8 40. Bb3 Qxb3 41. cxb3 Rf8 42. Qg5+ Kf7 43. Qxh5+ Ke7 44. Qg4 Rf6 45.
Qg3 Kf7 46. Qg5 Rf5 47. Qxf5+ Ke7 48. Qf4 Kd7 49. Qc4 Kd6 50. Qb5 {Time forfeit
} 1-0

[Event "Rated Blitz tournament zLvLgOux"]
[Site "?"]
[Date "2021.01.31"]
[Round "?"]
[White "FallschirmSpringer"]
[Black "Meskenas"]
[Result "1/2-1/2"]
[ECO "C46"]
[WhiteElo "2528"]
[BlackElo "2584"]
[PlyCount "62"]
[EventDate "2021.??.??"]
[EventType "blitz"]
[TimeControl "300"]

1. e4 e5 2. Nf3 Nc6 3. Nc3 Nf6 4. Nxe5 Nxe5 5. d4 Nc6 6. d5 Bb4 7. dxc6 bxc6 8.
Bd3 d5 9. exd5 O-O 10. O-O Bg4 11. f3 Bh5 12. dxc6 Qd4+ 13. Kh1 Bxc3 14. bxc3
Qxc3 15. Bf4 Qxc6 16. Qe1 Bg6 17. Qa5 Bxd3 18. cxd3 Rfd8 19. Rac1 Qd5 20. Qxd5
Nxd5 21. Bxc7 Nxc7 22. Rxc7 Rxd3 23. h3 Ra3 24. Rd1 Rxa2 25. Rdd7 Rf8 26. Rxa7
Rxa7 27. Rxa7 h5 28. Kh2 g6 29. Kg3 Kg7 30. Kh4 Rc8 31. Kg3 Rc4 {Normal}
1/2-1/2

[Event "Rated Blitz game"]
[Site "?"]
[Date "2021.01.30"]
[Round "?"]
[White "forbiddencheapos"]
[Black "Goranor"]
[Result "1-0"]
[ECO "C46"]
[WhiteElo "2333"]
[BlackElo "2474"]
[PlyCount "35"]
[EventDate "2021.??.??"]
[EventType "blitz"]
[TimeControl "300"]

1. e4 e5 2. Nf3 Nc6 3. Nc3 Nf6 4. Nxe5 Nxe5 5. d4 Bb4 6. dxe5 Nxe4 7. Qg4 d5 8.
Qxg7 Rf8 9. Bh6 Be6 10. Bd3 Nxc3 11. bxc3 Bxc3+ 12. Ke2 Bb4 13. Rab1 Be7 14.
Rxb7 a6 15. Rhb1 Qc8 16. Bxa6 d4 17. Bb5+ c6 18. Bd3 {Normal} 1-0

[Event "Rated Blitz game"]
[Site "?"]
[Date "2021.01.30"]
[Round "?"]
[White "kingsolver2018"]
[Black "Shaginyan_A"]
[Result "0-1"]
[ECO "C46"]
[WhiteElo "2355"]
[BlackElo "2432"]
[PlyCount "30"]
[EventDate "2021.??.??"]
[EventType "blitz"]
[TimeControl "180"]

1. e4 e5 2. Nf3 Nf6 3. Nc3 Nc6 4. Nxe5 Nxe5 5. d4 Bd6 6. dxe5 Bxe5 7. Bd3 Bxc3+
8. bxc3 d6 9. O-O O-O 10. h3 h6 11. c4 Re8 12. Qf3 Nd7 13. Bb2 Ne5 14. Qg3 Qg5
15. Qh2 Nf3+ {Normal} 0-1

[Event "Rated Blitz game"]
[Site "?"]
[Date "2021.01.30"]
[Round "?"]
[White "Djprem0ve"]
[Black "LittlePumpkin"]
[Result "0-1"]
[ECO "C46"]
[WhiteElo "2400"]
[BlackElo "2547"]
[PlyCount "54"]
[EventDate "2021.??.??"]
[EventType "blitz"]
[TimeControl "180"]

1. e4 e5 2. Nf3 Nc6 3. Nc3 Nf6 4. Nxe5 Nxe5 5. d4 Ng6 6. e5 Ng8 7. Bc4 c6 8.
Qf3 d5 9. exd6 Qf6 10. Qe2+ Be6 11. Ne4 Qxd4 12. Bxe6 fxe6 13. Ng5 Qe5 14. d7+
Kxd7 15. Be3 Ke8 16. O-O-O Bc5 17. Nf3 Bxe3+ 18. fxe3 Qc7 19. Ng5 Qe7 20. Ne4
Nf6 21. Nd6+ Kf8 22. e4 Ne5 23. Rhf1 Kg8 24. Nc4 Nxc4 25. Qxc4 Re8 26. Rd2 Ng4
27. Rf3 Ne5 {Normal} 0-1

[Event "Rated Blitz tournament rIUnOmJ3"]
[Site "?"]
[Date "2021.01.30"]
[Round "?"]
[White "DePaz_Deorico"]
[Black "Orakul135"]
[Result "1/2-1/2"]
[ECO "C46"]
[WhiteElo "2205"]
[BlackElo "2484"]
[PlyCount "86"]
[EventDate "2021.??.??"]
[EventType "blitz"]
[TimeControl "180"]

1. e4 e5 2. Nf3 Nc6 3. Nc3 Nf6 4. Nxe5 Nxe5 5. d4 Nc6 6. d5 Ne5 7. f4 Bd6 8.
fxe5 Bxe5 9. Bd3 O-O 10. O-O d6 11. Ne2 Ng4 12. h3 Qh4 13. Bf4 Bxf4 14. Rxf4 g5
15. Rxg4 Bxg4 16. hxg4 Qxg4 17. Nd4 Qf4 18. Qf1 Qe5 19. c3 Kh8 20. Nf5 Rg8 21.
g4 Raf8 22. Kg2 Rg6 23. Re1 c6 24. dxc6 bxc6 25. Re2 Re6 26. c4 a5 27. b3 a4
28. bxa4 Ra8 29. Ng3 Rf6 30. Rf2 Rxf2+ 31. Qxf2 Kg8 32. Nf5 Rxa4 33. Nh6+ Kg7
34. Nxf7 Qf6 35. Qxf6+ Kxf6 36. Nxd6 Rxa2+ 37. Kf3 Ke5 38. Nf5 Ra3 39. Ke3 c5
40. Nh6 Ra7 41. Nf5 Ra3 42. Nh6 Ra7 43. Nf5 Ra3 {Normal} 1/2-1/2

[Event "Rated Blitz game"]
[Site "?"]
[Date "2021.01.29"]
[Round "?"]
[White "vladlitus"]
[Black "Davor_Rogic"]
[Result "1-0"]
[ECO "C46"]
[WhiteElo "2322"]
[BlackElo "2479"]
[PlyCount "60"]
[EventDate "2021.??.??"]
[EventType "blitz"]
[TimeControl "180"]

1. e4 e5 2. Nc3 Nc6 3. Nf3 Nf6 4. Nxe5 Nxe5 5. d4 Nc6 6. d5 Nb8 7. e5 Ng8 8. d6
cxd6 9. exd6 Nc6 10. Qe2+ Be7 11. Bg5 f6 12. Bf4 Nd4 13. Qd2 Ne6 14. dxe7 Nxe7
15. Bd6 O-O 16. Bc4 Re8 17. O-O-O Nc6 18. f4 Kh8 19. Qf2 f5 20. Rd5 Ne7 21.
Bxe7 Qxe7 22. Rxf5 a6 23. Nd5 Qd8 24. Nb6 Rb8 25. Re1 d6 26. Rf7 Nc5 27. Rxe8+
Qxe8 28. Qg3 Bg4 29. b4 Ne6 30. Qxg4 Qe7 {Normal} 1-0

[Event "Rated Blitz game"]
[Site "?"]
[Date "2021.01.29"]
[Round "?"]
[White "forbiddencheapos"]
[Black "A99moves"]
[Result "1-0"]
[ECO "C46"]
[WhiteElo "2344"]
[BlackElo "2402"]
[PlyCount "89"]
[EventDate "2021.??.??"]
[EventType "blitz"]
[TimeControl "300"]

1. e4 Nf6 2. Nc3 e5 3. Nf3 Nc6 4. Nxe5 Nxe5 5. d4 Ng6 6. e5 Ng8 7. Bc4 d5 8.
Bxd5 c6 9. Bb3 Bb4 10. O-O Bxc3 11. bxc3 Be6 12. c4 N8e7 13. f4 Kf8 14. a4 Kg8
15. Ba3 h5 16. c3 Nf5 17. Qd3 Nge7 18. Rad1 Qb6 19. Rb1 g6 20. Bc5 Qc7 21. Rfd1
Rd8 22. Ba2 Kg7 23. Ba3 Qa5 24. Bb3 Rd7 25. Bb4 Qa6 26. a5 b6 27. axb6 axb6 28.
Ra1 Qc8 29. Qe4 c5 30. d5 cxb4 31. cxb4 Rhd8 32. dxe6 Rd4 33. Rxd4 Nxd4 34. Bd1
Qxc4 35. exf7 Ne2+ 36. Qxe2 Qd4+ 37. Kf1 Qxa1 38. Ke1 Qd4 39. f8=Q+ Kxf8 40.
Bc2 Qc3+ 41. Kf1 Nd5 42. Be4 Ne3+ 43. Kf2 Ng4+ 44. Kf1 Rd2 45. Qe1 {Time
forfeit} 1-0

[Event "Rated Blitz game"]
[Site "?"]
[Date "2021.01.28"]
[Round "?"]
[White "kiborg2007"]
[Black "Arps89"]
[Result "1-0"]
[ECO "C46"]
[WhiteElo "2458"]
[BlackElo "2500"]
[PlyCount "111"]
[EventDate "2021.??.??"]
[EventType "blitz"]
[TimeControl "180"]

1. e4 e5 2. Nf3 Nc6 3. Nc3 Nf6 4. Nxe5 Nxe5 5. d4 Nc6 6. d5 Bb4 7. dxc6 O-O 8.
cxd7 Bxd7 9. Bd3 Bc6 10. f3 Nh5 11. O-O Bc5+ 12. Kh1 Qf6 13. Qe1 Nf4 14. Bxf4
Qxf4 15. Ne2 Qh6 16. Qg3 Rfe8 17. e5 Rad8 18. Rae1 Bb4 19. Rd1 Qe3 20. Qh4 Rxd3
21. cxd3 Bc5 22. d4 Be7 23. Qf2 Qh6 24. Ng3 Bd7 25. d5 Bh4 26. Rfe1 b6 27. a3
g6 28. Re4 f5 29. Nxf5 Bxf5 30. Rxh4 Qg7 31. f4 g5 32. Rh5 h6 33. fxg5 Bg4 34.
gxh6 Qg6 35. h7+ Kh8 36. e6 Bxh5 37. Rf1 Kxh7 38. Qf4 Rg8 39. Qd2 Qg5 40. Qxg5
Rxg5 41. d6 Kh6 42. dxc7 Rc5 43. b4 Be8 44. h3 Rxc7 45. e7 Rxe7 46. Rf6+ Kh5
47. Rf3 Re2 48. Rg3 Kh4 49. Kh2 Kh5 50. Rg4 Bd7 51. Rh4+ Kg6 52. Rg4+ Kf7 53.
Rg3 Ke8 54. Rf3 Be6 55. Re3 Kd7 56. Re4 {Time forfeit} 1-0

[Event "Rated Blitz game"]
[Site "?"]
[Date "2021.01.28"]
[Round "?"]
[White "Djprem0ve"]
[Black "DiogenesSinopeus"]
[Result "0-1"]
[ECO "C46"]
[WhiteElo "2404"]
[BlackElo "2445"]
[PlyCount "46"]
[EventDate "2021.??.??"]
[EventType "blitz"]
[TimeControl "180"]

1. e4 e5 2. Nc3 Nc6 3. Nf3 Nf6 4. Nxe5 Nxe5 5. d4 Ng6 6. e5 Ng8 7. Bc4 d5 8.
Bxd5 c6 9. Bb3 Be6 10. O-O N8e7 11. Ne4 Nf5 12. Bxe6 fxe6 13. c3 Be7 14. g4
Nfh4 15. f4 O-O 16. f5 exf5 17. gxf5 Rxf5 18. Rxf5 Nxf5 19. Qg4 Qc8 20. Qh3 Qe6
21. Bg5 Nxd4 22. Qh5 Qxe5 23. Re1 Bxg5 {Normal} 0-1

[Event "Rated Rapid game"]
[Site "?"]
[Date "2021.01.27"]
[Round "?"]
[White "brunosten"]
[Black "Beastofuyo"]
[Result "0-1"]
[ECO "C46"]
[WhiteElo "2481"]
[BlackElo "2360"]
[PlyCount "48"]
[EventDate "2021.??.??"]
[EventType "rapid"]
[TimeControl "600"]

1. e4 e5 2. Nf3 Nc6 3. Nc3 Nf6 4. Nxe5 Nxe5 5. d4 Ng6 6. e5 Ng8 7. Bc4 d5 8.
Bxd5 N8e7 9. Bb3 Nf5 10. Ne2 c5 11. c3 cxd4 12. cxd4 Bb4+ 13. Bd2 Bxd2+ 14.
Qxd2 O-O 15. f4 Qb6 16. O-O-O Be6 17. d5 Rfd8 18. Nc3 Ne3 19. Rde1 Nxd5 20.
Bxd5 Bxd5 21. Nxd5 Qc5+ 22. Qc2 Rxd5 23. Qxc5 Rxc5+ 24. Kb1 Nxf4 {Normal} 0-1

[Event "Rated Blitz game"]
[Site "?"]
[Date "2021.01.27"]
[Round "?"]
[White "laNoviadeChucky"]
[Black "Ludwig32"]
[Result "0-1"]
[ECO "C46"]
[WhiteElo "2301"]
[BlackElo "2402"]
[PlyCount "126"]
[EventDate "2021.??.??"]
[EventType "blitz"]
[TimeControl "180+2"]

1. e4 e5 2. Nf3 Nc6 3. Nc3 Nf6 4. Nxe5 Nxe5 5. d4 Ng6 6. e5 Ng8 7. Bc4 d6 8.
Qf3 Qd7 9. O-O c6 10. exd6 Bxd6 11. Ne4 Be7 12. Qxf7+ Kd8 13. Bg5 Nh6 14. Qxg7
Bxg5 15. Qxd7+ Bxd7 16. Nxg5 Kc7 17. Rae1 Nf5 18. c3 Nd6 19. Be6 Nf4 20. Bxd7
Kxd7 21. Re3 h6 22. Nf3 Rhg8 23. Ne5+ Kc7 24. g3 Nd5 25. Rf3 Raf8 26. Rxf8 Rxf8
27. f4 h5 28. h3 b5 29. Kh2 h4 30. g4 Rxf4 31. Rxf4 Nxf4 32. Nf3 Ng6 33. b3 Ne4
34. c4 b4 35. Kg1 Nc3 36. Ne5 Nxe5 37. dxe5 Kd7 38. g5 Ke6 39. g6 Ne4 40. Kg2
Kxe5 41. Kf3 Kf5 42. g7 Nf6 43. Ke3 c5 44. Kf3 a5 45. Ke3 Kg6 46. Kf4 Kxg7 47.
Ke5 Kg6 48. Kd6 Ne4+ 49. Kd5 Nf2 50. Kxc5 Nxh3 51. Kd6 Ng5 52. c5 Ne4+ 53. Kd5
Nxc5 54. Kxc5 h3 55. Kb5 h2 56. Kxa5 h1=Q 57. Ka4 Qa8+ 58. Kxb4 Qxa2 59. Kc3
Kf5 60. Kc4 Ke5 61. Kb4 Kd5 62. Kc3 Kc5 63. b4+ Kb5 {Normal} 0-1

[Event "Rated Blitz tournament dpdlbFSN"]
[Site "?"]
[Date "2021.01.27"]
[Round "?"]
[White "Raffael89"]
[Black "gameoverbro"]
[Result "0-1"]
[ECO "C46"]
[WhiteElo "2310"]
[BlackElo "2528"]
[PlyCount "62"]
[EventDate "2021.??.??"]
[EventType "blitz"]
[TimeControl "180"]

1. e4 e5 2. Nf3 Nf6 3. Nc3 Nc6 4. Nxe5 Nxe5 5. d4 Ng6 6. e5 Ng8 7. Bc4 Bb4 8.
Qf3 Bxc3+ 9. bxc3 d5 10. exd6 Be6 11. Qxb7 cxd6 12. Bb5+ Kf8 13. Ba3 Rb8 14.
Qc6 N8e7 15. Bxd6 Rb6 16. Bxe7+ Qxe7 17. Qa8+ Bc8+ 18. Kd2 Qg5+ 19. Kd1 Ne7 20.
Bd3 g6 21. Re1 Kg7 22. Qxa7 Rb7 23. Qa3 Nd5 24. g3 Bg4+ 25. Be2 Ra8 26. Qc5
Rxa2 27. Rc1 Rc7 28. f4 Qh5 29. Qd6 Nxc3+ 30. Kd2 Ne4+ 31. Ke3 Nxd6 {Normal}
0-1

[Event "Rated Blitz tournament G2zNQUkg"]
[Site "?"]
[Date "2021.01.25"]
[Round "?"]
[White "ibad_KBPL"]
[Black "YSA_kbpl"]
[Result "1/2-1/2"]
[ECO "C46"]
[WhiteElo "2205"]
[BlackElo "2402"]
[PlyCount "197"]
[EventDate "2021.??.??"]
[EventType "blitz"]
[TimeControl "300"]

1. e4 e5 2. Nc3 Nf6 3. Nf3 Nc6 4. Nxe5 Nxe5 5. d4 Bb4 6. dxe5 Nxe4 7. Qd4 Bxc3+
8. bxc3 d5 9. exd6 Nxd6 10. Bd3 Qe7+ 11. Be3 O-O 12. O-O Nf5 13. Bxf5 Bxf5 14.
Rfe1 Bxc2 15. Qd2 Bg6 16. Bg5 Qd6 17. Qxd6 cxd6 18. Be7 Rfc8 19. Re3 Rc6 20.
Rd1 Ra6 21. Rd2 h6 22. h4 Rc8 23. Bxd6 Rd8 24. Bf4 Rxd2 25. Re8+ Kh7 26. Bxd2
Rxa2 27. Be3 a5 28. g4 a4 29. h5 Bd3 30. Re7 Ra1+ 31. Kh2 f6 32. Rxb7 a3 33.
Bd4 Be4 34. Ra7 a2 35. c4 Rh1+ 36. Kg3 Rb1 37. Bxf6 Rb7 38. Rxb7 Bxb7 39. Ba1
g6 40. Kf4 gxh5 41. gxh5 Bc6 42. c5 Be8 43. Ke5 Bxh5 44. c6 Bg4 45. f4 Kg6 46.
Kd6 h5 47. Ke5 h4 48. Ke4 h3 49. f5+ Bxf5+ 50. Kf3 h2 51. Kg2 Be4+ 52. Kxh2
Bxc6 53. Kg3 Kf5 54. Kf2 Ke4 55. Ke2 Kd5 56. Kd2 Kc4 57. Kc2 Bd5 58. Kb2 Kb4
59. Kc1 Ka4 60. Bd4 Bb3 61. Kb2 Kb4 62. Ka1 Kc4 63. Bf6 Kb4 64. Be7+ Ka4 65.
Kb2 Bc4 66. Ka1 Bd5 67. Bf6 Be6 68. Kb2 Bd5 69. Bc3 Be6 70. Kc1 Bd5 71. Kd2 Be6
72. Ba1 Kb3 73. Kd3 Bd5 74. Kd4 Bf7 75. Kd3 Ka4 76. Kc3 Ka3 77. Bb2+ Ka4 78.
Ba1 Be6 79. Kd4 Bf7 80. Ke5 Be6 81. Kd6 Kb3 82. Kxe6 Kc2 83. Kd5 Kb1 84. Be5
a1=Q 85. Bf4 Ka2 86. Ke4 Kb1 87. Kf3 Qa2 88. Be3 Qc2 89. Bf4 Qb3+ 90. Kg4 Kc2
91. Bg3 Qd3 92. Bf4 Kb3 93. Kg5 Kc4 94. Kg4 Kd5 95. Kg5 Qe4 96. Kg4 Ke6 97. Kg3
Qf5 98. Kf3 Qe4+ 99. Kxe4 {Normal} 1/2-1/2

[Event "Rated Blitz game"]
[Site "?"]
[Date "2021.01.25"]
[Round "?"]
[White "dbestsmiles"]
[Black "quetepasa"]
[Result "0-1"]
[ECO "C46"]
[WhiteElo "2414"]
[BlackElo "2506"]
[PlyCount "88"]
[EventDate "2021.??.??"]
[EventType "blitz"]
[TimeControl "180"]

1. e4 e5 2. Nf3 Nc6 3. Nc3 Nf6 4. Nxe5 Nxe5 5. d4 Nc6 6. d5 Bb4 7. dxc6 Nxe4 8.
Qg4 Nxc3 9. Qxg7 Qe7+ 10. Be3 Nd5+ 11. c3 Rf8 12. O-O-O Nxe3 13. fxe3 Bd6 14.
cxb7 Bxb7 15. Bc4 O-O-O 16. Rhf1 f5 17. Qxe7 Bxe7 18. Bd5 Bd6 19. Bxb7+ Kxb7
20. g3 Rde8 21. Rd5 Rxe3 22. Rb5+ Kc6 23. Rbxf5 Rxf5 24. Rxf5 h6 25. Rh5 Re6
26. Kd2 Be7 27. Kd3 Bg5 28. h4 Bc1 29. b4 d5 30. a4 Kd6 31. a5 Re3+ 32. Kc2 Re1
33. g4 Rh1 34. Kd3 a6 35. c4 Rh3+ 36. Kc2 Ba3 37. Rxd5+ Kc6 38. Rh5 Bxb4 39.
Rxh6+ Kc5 40. Rb6 cxb6 41. axb6 Kxb6 42. g5 Rxh4 43. g6 Rg4 44. g7 Kc5 {Normal}
0-1

[Event "Rated Blitz tournament dQhOUPho"]
[Site "?"]
[Date "2021.01.25"]
[Round "?"]
[White "Starinov"]
[Black "AMR25"]
[Result "1/2-1/2"]
[ECO "C46"]
[WhiteElo "2441"]
[BlackElo "2425"]
[PlyCount "148"]
[EventDate "2021.??.??"]
[EventType "blitz"]
[TimeControl "180"]

1. e4 e5 2. Nf3 Nc6 3. Nc3 Nf6 4. Nxe5 Nxe5 5. d4 Nc6 6. d5 Be7 7. dxc6 dxc6 8.
Bd3 O-O 9. Bf4 Bd6 10. Bg3 Re8 11. O-O Bxg3 12. hxg3 Ng4 13. Be2 Qg5 14. Bxg4
Bxg4 15. Qc1 Qh5 16. Qf4 Rac8 17. Rfe1 Be6 18. f3 Qc5+ 19. Qe3 Qxe3+ 20. Rxe3
Red8 21. Rd3 Rxd3 22. cxd3 Rd8 23. Rd1 c5 24. Kf2 b6 25. a3 a6 26. Ke3 Bb3 27.
Rd2 Rd4 28. Ne2 Rd8 29. Nc1 Be6 30. f4 f5 31. Ne2 Kf7 32. Ng1 h6 33. Nf3 Kf6
34. Ne5 Rd6 35. Rc2 a5 36. Rc1 g5 37. Rh1 Kg7 38. Nf3 fxe4 39. dxe4 Bc4 40.
fxg5 Rd3+ 41. Kf4 hxg5+ 42. Kxg5 Rb3 43. Rd1 Rxb2 44. Rd7+ Kf8 45. Kf6 Ke8 46.
Rxc7 Rxg2 47. Ne5 Rf2+ 48. Kg6 Bb3 49. g4 c4 50. Nxc4 Rc2 51. Nd6+ Kd8 52. Rxc2
Bxc2 53. Kf5 Kd7 54. Nb5 Ba4 55. Nc3 Bb3 56. g5 Ke7 57. e5 Bc4 58. g6 b5 59.
Ne4 b4 60. axb4 axb4 61. Nd2 Bd5 62. Kf4 b3 63. Ke3 b2 64. Kd3 Ke6 65. Kd4 Ba2
66. g7 Kf7 67. Kc3 b1=Q 68. Nxb1 Bxb1 69. Kd4 Kxg7 70. Kd5 Kf8 71. Kd6 Ke8 72.
e6 Bf5 73. e7 Bd7 74. Ke5 Kxe7 {Normal} 1/2-1/2

[Event "Rated Blitz game"]
[Site "?"]
[Date "2021.01.25"]
[Round "?"]
[White "dbestsmiles"]
[Black "Citruzzini"]
[Result "1/2-1/2"]
[ECO "C46"]
[WhiteElo "2415"]
[BlackElo "2445"]
[PlyCount "31"]
[EventDate "2021.??.??"]
[EventType "blitz"]
[TimeControl "180"]

1. e4 e5 2. Nf3 Nc6 3. Nc3 Nf6 4. Nxe5 Nxe5 5. d4 Ng6 6. e5 Ng8 7. h4 Nxh4 8.
Bc4 Ng6 9. Qf3 d5 10. Bxd5 Be6 11. Bxb7 Rb8 12. Bc6+ Bd7 13. Bd5 Be6 14. Bc6+
Bd7 15. Bd5 Be6 16. Bc6+ {Normal} 1/2-1/2

[Event "Rated Blitz game"]
[Site "?"]
[Date "2021.01.25"]
[Round "?"]
[White "dbestsmiles"]
[Black "noel1975"]
[Result "0-1"]
[ECO "C46"]
[WhiteElo "2420"]
[BlackElo "2402"]
[PlyCount "26"]
[EventDate "2021.??.??"]
[EventType "blitz"]
[TimeControl "180"]

1. e4 e5 2. Nf3 Nc6 3. Nc3 Nf6 4. Nxe5 Nxe5 5. d4 Ng6 6. e5 Bb4 7. h4 Ne4 8.
Qf3 d5 9. exd6 O-O 10. h5 Nh4 11. Qd3 Bf5 12. g4 Bxg4 13. Bd2 Nf3+ {Normal} 0-1

[Event "Rated Blitz tournament 6T78rEEq"]
[Site "?"]
[Date "2021.01.24"]
[Round "?"]
[White "Starinov"]
[Black "Souren"]
[Result "1-0"]
[ECO "C46"]
[WhiteElo "2468"]
[BlackElo "2511"]
[PlyCount "163"]
[EventDate "2021.??.??"]
[EventType "blitz"]
[TimeControl "180"]

1. e4 e5 2. Nf3 Nc6 3. Nc3 Nf6 4. Nxe5 Nxe5 5. d4 Ng6 6. e5 Bb4 7. exf6 Qxf6 8.
g3 O-O 9. Bg2 Re8+ 10. Be3 c6 11. O-O d5 12. a3 Bd6 13. Qd2 h6 14. Ne2 Bf5 15.
Rae1 Re7 16. Nc1 Rae8 17. Nd3 b6 18. c3 a5 19. f3 Re6 20. Bf2 Rxe1 21. Rxe1
Rxe1+ 22. Bxe1 h5 23. Bf2 h4 24. Qe2 Kh7 25. Be1 hxg3 26. hxg3 Qg5 27. f4 Qe7
28. Qxe7 Nxe7 29. Nf2 f6 30. Bd2 Bc2 31. Bf3 Nf5 32. Kg2 Bc7 33. Be2 Nd6 34.
Bd3+ Bxd3 35. Nxd3 Ne4 36. Be1 f5 37. Kf3 Kg6 38. g4 fxg4+ 39. Kxg4 Kf6 40.
Bh4+ Kf7 41. f5 Bd6 42. a4 b5 43. axb5 cxb5 44. Bd8 a4 45. Ba5 a3 46. bxa3 Bxa3
47. Kf4 Bb2 48. Ke5 Bxc3 49. Bb6 Nf6 50. Bd8 b4 51. Nc5 Bb2 52. Bxf6 gxf6+ 53.
Kxd5 Bc3 54. Kc4 Kg7 55. Ne4 Be1 56. d5 Kf7 57. Nc5 Ke7 58. Ne4 Kd7 59. Nxf6+
Kd6 60. Ne4+ Ke5 61. f6 Bh4 62. f7 Be7 63. d6 Bf8 64. d7 Kxe4 65. d8=Q Bg7 66.
f8=Q Bxf8 67. Qxf8 b3 68. Kxb3 Kd5 69. Qb4 Ke5 70. Qc4 Kf5 71. Qd4 Kg5 72. Qe4
Kf6 73. Qd5 Kg6 74. Qe5 Kf7 75. Qd6 Kg7 76. Kc4 Kf7 77. Kd5 Kg7 78. Ke5 Kf7 79.
Kf5 Kg7 80. Qe7+ Kg8 81. Kg6 Kh8 82. Qg7# {Normal} 1-0

[Event "Rated Blitz game"]
[Site "?"]
[Date "2021.01.24"]
[Round "?"]
[White "highway_star"]
[Black "Quillotamaster"]
[Result "1/2-1/2"]
[ECO "C46"]
[WhiteElo "2332"]
[BlackElo "2426"]
[PlyCount "109"]
[EventDate "2021.??.??"]
[EventType "blitz"]
[TimeControl "180"]

1. e4 e5 2. Nf3 Nc6 3. Nc3 Nf6 4. Nxe5 Nxe5 5. d4 Ng6 6. e5 Ng8 7. Bc4 d5 8.
Bxd5 c6 9. Be4 Bb4 10. f4 Qh4+ 11. g3 Qh3 12. Qd3 Bg4 13. Be3 O-O-O 14. a3 Ba5
15. b4 Bb6 16. b5 N8e7 17. a4 Ba5 18. Kf2 Bf5 19. bxc6 Kc7 20. cxb7 Bxc3 21.
Qxc3+ Kb8 22. Bg2 Qh5 23. Qb3 Nh4 24. gxh4 Qxh4+ 25. Kf1 Bh3 26. Bf2 Bxg2+ 27.
Kxg2 Qxf4 28. Qg3 Qe4+ 29. Qf3 Qxc2 30. Rhc1 Qg6+ 31. Qg3 Nd5 32. e6+ Qxg3+ 33.
Bxg3+ Kxb7 34. Rab1+ Ka8 35. exf7 Rhf8 36. Be5 Rxf7 37. Rc5 g5 38. Rxd5 Rc8 39.
Rdb5 Rff8 40. a5 a6 41. Rb6 Ka7 42. Rb7+ Ka8 43. Rxh7 g4 44. Rbb7 Rc2+ 45. Kg3
Rf3+ 46. Kxg4 Rg2+ 47. Kxf3 Rf2+ 48. Ke4 Rf4+ 49. Kd5 Rxd4+ 50. Kc6 Rd6+ 51.
Kc7 Rc6+ 52. Kd8 Rc8+ 53. Kd7 Rd8+ 54. Kc6 Rd6+ 55. Kxd6 {Normal} 1/2-1/2

[Event "Rated Blitz tournament 8wYoQsSF"]
[Site "?"]
[Date "2021.01.24"]
[Round "?"]
[White "Starinov"]
[Black "MasterOffPuppets"]
[Result "1-0"]
[ECO "C46"]
[WhiteElo "2449"]
[BlackElo "2468"]
[PlyCount "53"]
[EventDate "2021.??.??"]
[EventType "blitz"]
[TimeControl "180"]

1. e4 e5 2. Nf3 Nc6 3. Nc3 Nf6 4. Nxe5 Nxe5 5. d4 Ng6 6. e5 Bb4 7. exf6 Bxc3+
8. bxc3 Qxf6 9. g3 O-O 10. Bg2 Re8+ 11. Be3 d5 12. O-O c6 13. a4 Bf5 14. Qd2
Re7 15. a5 h6 16. Rfe1 Rae8 17. f3 Bxc2 18. Bf2 Bf5 19. Rxe7 Rxe7 20. Bf1 Bc8
21. Kg2 h5 22. h4 Qf5 23. Re1 Rxe1 24. Qxe1 Kf8 25. Qe3 Qe6 26. Qg5 Qf5 27.
Qd8# {Normal} 1-0

[Event "Rated Blitz game"]
[Site "?"]
[Date "2021.01.23"]
[Round "?"]
[White "brunosten"]
[Black "artsportscience"]
[Result "1-0"]
[ECO "C46"]
[WhiteElo "2451"]
[BlackElo "2330"]
[PlyCount "49"]
[EventDate "2021.??.??"]
[EventType "blitz"]
[TimeControl "180"]

1. e4 e5 2. Nc3 Nf6 3. Nf3 Nc6 4. Nxe5 Nxe5 5. d4 Nc6 6. d5 Ne5 7. f4 Ng6 8. e5
Ng8 9. Bc4 Bc5 10. Ne4 Bb6 11. d6 Nh6 12. dxc7 Qxc7 13. Nd6+ Kf8 14. Bd2 a5 15.
Qe2 Bc5 16. O-O-O Bxd6 17. exd6 Qxd6 18. f5 Nxf5 19. Bg5 Nd4 20. Qf2 f6 21.
Rxd4 Qe5 22. h4 d5 23. Rxd5 Qe4 24. Qc5+ Ne7 25. Rd8# {Normal} 1-0

[Event "Rated Blitz game"]
[Site "?"]
[Date "2021.01.23"]
[Round "?"]
[White "Smetanov_N"]
[Black "Outrunner"]
[Result "0-1"]
[ECO "C46"]
[WhiteElo "2330"]
[BlackElo "2492"]
[PlyCount "54"]
[EventDate "2021.??.??"]
[EventType "blitz"]
[TimeControl "180+2"]

1. e4 e5 2. Nf3 Nc6 3. Nc3 Nf6 4. Nxe5 Nxe5 5. d4 Ng6 6. e5 Bb4 7. exf6 Qxf6 8.
Qe2+ Ne7 9. Bd2 O-O 10. O-O-O d5 11. Nb5 Bxd2+ 12. Qxd2 c6 13. Nc3 a5 14. Bd3
Bf5 15. Qf4 Qg6 16. g3 Bxd3 17. Rxd3 Nf5 18. h4 Rfe8 19. g4 Nd6 20. h5 Qf6 21.
Qxf6 gxf6 22. b3 Kg7 23. Kd2 Kh6 24. f3 f5 25. Ne2 fxg4 26. Ng3 f5 27. fxg4
fxg4 {Time forfeit} 0-1